Map: Jagannatha LE

Players

MaxPax - Winner!

  • Race: Protoss Protoss

Strange

  • Race: Protoss Protoss

Event: DreamHack SC2 Masters 2021 Fall

VOD

Have the link to the VOD?

Description

Time

  • Played on: July 31, 2021, 1:50 p.m.
  • Length: 8:34

All games in this series

Show
View Real Time Build Order
Export as new Build Order

MaxPax Protoss - Winner!

Build Orders: 1 Gate Expand 

Get SALT Encoding   

  12  0:00  Probe  
  13  0:13  Probe  
  14  0:20  Pylon  
  14  0:25  Probe  
  15  0:38  Probe (Chrono Boost)  
  15  0:40  Gateway  
  16  0:49  Assimilator  
  17  0:50  Probe (Chrono Boost)  
  17  0:54  Probe (Chrono Boost)  
  18  1:05  Probe  
  19  1:17  Probe  
  20  1:23  Nexus  
  20  1:33  Cybernetics Core  
  20  1:36  Probe  
  21  1:43  Assimilator  
  21  1:49  Pylon  
  21  1:51  Probe  
  22  2:04  Probe  
  22  2:07  Stalker (Chrono Boost)  
  23  2:13  Warp Gate  
  25  2:16  Probe  
  26  2:25  Robotics Facility  
  26  2:28  Probe  
  27  2:32  Stalker (Chrono Boost)  
  27  2:36  Probe  
  30  2:43  Shield Battery  
  31  2:55  Stalker  
  32  3:09  Immortal (Chrono Boost)  
  32  3:11  Shield Battery  
  36  3:27  Gateway  
  38  3:34  Sentry  
  38  3:39  Immortal (Chrono Boost)  
  36  4:05  Pylon  
  36  4:08  Stalker  
  35  4:12  Shield Battery  
  35  4:13  Warp Prism (Chrono Boost)  
  37  4:23  Sentry  
  39  4:29  Pylon  
  39  4:33  Adept  
  41  4:45  Shield Battery  
  41  4:52  Immortal (Chrono Boost)  
  41  4:57  Sentry  
  47  5:01  Probe  
  49  5:09  Shield Battery  
  49  5:11  Shield Battery  
  48  5:20  Gateway  
  48  5:24  Shield Battery  
  48  5:27  Observer  
  49  5:30  Stalker  
  51  5:44  Probe  
  51  5:45  Probe  
  53  5:50  Shield Battery  
  53  5:57  Probe  
  51  6:00  Stalker  
  51  6:01  Probe  
  51  6:03  Gateway  
  53  6:09  Probe  
  54  6:13  Probe  
  54  6:15  Stalker  
  57  6:24  Shield Battery, Probe (Chrono Boost)  
  59  6:29  Stalker  
  61  6:34  Probe (Chrono Boost)  
  61  6:38  Probe (Chrono Boost)  
  62  6:41  Pylon  
  62  6:43  Pylon  
  62  6:53  Pylon  
  62  6:59  Probe  
  62  7:00  Pylon  
  63  7:01  Stalker x2  
  63  7:03  Sentry  
  69  7:14  Pylon  
  69  7:18  Observer  
  69  7:19  Shield Battery  
  70  7:26  Stalker x2  
  70  7:28  Stalker  
  76  7:35  Twilight Council  
  76  7:36  Probe  
  77  7:41  Shield Battery, Probe  
  78  7:48  Probe  
  79  7:56  Shield Battery  
  79  8:03  Stalker  
  79  8:04  Stalker  
  81  8:06  Stalker  
  79  8:14  Probe  
  79  8:15  Probe  
Show
View Real Time Build Order
Export as new Build Order

Strange Protoss 

Build Orders:  

Get SALT Encoding   

  12  0:00  Probe  
  13  0:12  Probe  
  14  0:17  Pylon  
  14  0:24  Probe (Chrono Boost)  
  16  0:36  Gateway  
  16  0:37  Probe (Chrono Boost)  
  16  0:42  Probe (Chrono Boost)  
  16  0:45  Assimilator  
  17  0:51  Probe  
  17  0:53  Assimilator  
  18  1:03  Probe  
  19  1:06  Gateway  
  19  1:15  Probe  
  20  1:24  Cybernetics Core  
  20  1:27  Probe  
  21  1:37  Pylon  
  21  1:41  Probe  
  22  2:00  Stalker  
  22  2:01  Stalker  
  26  2:02  Gateway  
  26  2:04  Warp Gate (Chrono Boost)  
  26  2:11  Gateway  
  26  2:17  Probe  
  27  2:23  Pylon  
  27  2:31  Stalker  
  29  2:37  Stalker  
  31  2:51  Pylon  
  31  2:52  Stalker  
  33  3:00  Stalker  
  35  3:37  Stalker x2  
  35  3:38  Stalker x2  
  43  3:44  Shield Battery  
  43  3:46  Pylon  
  35  4:07  Stalker x2  
  35  4:10  Sentry  
  35  4:13  Stalker  
  39  4:31  Adept x2  
  41  4:56  Adept x4  
  49  5:07  Stargate  
  49  5:12  Shield Battery  
  49  5:18  Zealot  
  51  5:23  Shield Battery  
  51  5:34  Shield Battery  
  51  5:49  Phoenix (Chrono Boost)  
  49  5:52  Stalker  
  47  6:05  Phoenix (Chrono Boost)  
  47  6:07  Zealot  
  47  6:09  Stalker  
  53  6:18  Pylon  
  53  6:29  Phoenix  
  55  6:39  Gateway  
  55  6:56  Stalker x2  
  59  7:03  Stalker  
  61  7:17  Robotics Facility  
  61  7:20  Pylon  
  61  7:33  Pylon  
  61  7:46  Zealot  
  55  8:06  Adept x3  
  53  8:21  Stalker  

Tags
 
Add a new tag
Caveats
  • Supply blocks, unpowered buildings, or Contaminate may cause inaccurate times.
  • Supply counts are checked every 10 seconds.